 Dungeon Crawl Stone Soup version 0.30.0-5-g1a98f26d00 (webtiles) character file.

Game seed: 10992266970649099435

3065 gelatine the Cleaver (level 9, -6/69 HPs)
             Began as a Demonspawn Fighter on May 8, 2023.
             Mangled by a slime creature (7 damage)
             ... on level 8 of the Dungeon on May 9, 2023.
             The game lasted 00:15:18 (6350 turns).

gelatine the Cleaver (Demonspawn Fighter)           Turns: 6350, Time: 00:15:18

Health: -6/69      AC:  8    Str: 20    XL:     9   Next: 57%
Magic:  9/9        EV: 26    Int: 14    God:
Gold:   85         SH:  9    Dex: 12    Spells: 8/8 levels left

rFire   + . .        a - +0 war axe
rCold   + . .        c - +0 buckler
rNeg    . . .        E - +0 ring mail "Ycram" {rPois Int+3}
rPois   +            t - +1 hat
rElec   .            e - scarf {rC+ rF+}
rCorr   .            (no gloves)
SInv    .            j - +0 pair of boots
Will    .....        o - amulet of the acrobat
Stlth   +            (no ring)
HPRegen 0.31/turn    (no ring)
MPRegen 0.11/turn

%: acrobat
@: acrobatic
A: large bone plates 1, foul stench 1, powered by death 1, demonic touch 2,
hooves 1, MP-powered wands
a: no special abilities


You were on level 8 of the Dungeon.
You visited 2 branches of the dungeon, and saw 9 of its levels.

You collected 409 gold pieces.
You spent 324 gold pieces at shops.

Inventory:

Hand Weapons
 a - a +0 war axe (weapon)
Missiles
 l - 2 javelins (quivered)
 u - 2 atropa-tipped darts
 B - 2 throwing nets
 L - a curare-tipped dart
Armour
 b - a +0 scale mail
 c - a +0 buckler (worn)
 e - a scarf of resistance (worn)
 j - a +0 pair of boots (worn)
 t - a +1 hat (worn)
 E - the +0 ring mail "Ycram" (worn) {rPois Int+3}
   (You bought it in a shop on level 8 of the Dungeon)

   Int:       It affects your intelligence (+3).
   rPois:     It protects you from poison.
Jewellery
 f - a ring of ice
 i - a ring of wizardry
 o - an amulet of the acrobat (around neck)
 v - a +6 ring of intelligence
 K - a ring of ice
Wands
 C - a wand of acid (11)
 D - a wand of mindburst (4)
 J - a wand of digging (6)
 M - a wand of flame (12)
Scrolls
 k - 2 scrolls of poison {unknown}
 m - 5 scrolls of teleportation {unknown}
 n - 8 scrolls of identify
 p - a scroll of acquirement {unknown}
 q - 2 scrolls of magic mapping {unknown}
 x - 3 scrolls of torment {unknown}
 y - a scroll of immolation {unknown}
 z - a scroll of enchant weapon {unknown}
 A - a scroll of vulnerability {unknown}
 G - 2 scrolls of noise {unknown}
Potions
 d - 3 potions of might
 g - 2 potions of brilliance
 h - a potion of lignification
 r - a potion of ambrosia
 s - 2 potions of attraction
 w - 2 potions of haste
 F - a potion of curing {unknown}
 H - a potion of flight
 I - a potion of cancellation {unknown}


   Skills:
 * Level 6.3 Fighting
 * Level 8.1 Axes
 + Level 0.2 Throwing
 * Level 5.7 Armour
 * Level 3.8 Dodging
 + Level 0.7 Stealth
 * Level 4.9 Shields
 + Level 0.4 Unarmed Combat
 + Level 0.2 Evocations


You had 8 spell levels left.
You didn't know any spells.
Your spell library contained the following spells:

 Spells                   Type           Power      Damage    Failure   Level
 Freeze                   Ice            0%         1d3       50%         1
 Magic Dart               Conj           0%         1d3       50%         1
 Slow                     Hex            0%         N/A       50%         1
 Call Imp                 Summ           0%         N/A       65%         2
 Confusing Touch          Hex            0%         N/A       86%         3
 Frozen Ramparts          Ice            0%         1d1       86%         3
 Hailstorm                Conj/Ice       0%         3d3       86%         3
 Mephitic Cloud           Conj/Pois/Air  0%         N/A       86%         3
 Ozocubu's Armour         Ice            0%         N/A       86%         3
 Vampiric Draining        Necr           0%         2d6       86%         3
 Leda's Liquefaction      Hex/Erth       0%         N/A       99%         4
 Lee's Rapid Deconstruct  Erth           0%         3d4*      100%        5
 Statue Form              Tmut/Erth      0%         N/A       100%        6
 Ozocubu's Refrigeration  Ice            0%         4d7       100%        7


Dungeon Overview and Level Annotations

Branches:
Dungeon (8/15)             Temple (1/1) D:4
   Lair: D:8-11

Altars:
Ashenzari
Fedhas
Gozag
Hepliaklqana
Kikubaaqudgha
Makhleb
Nemelex Xobeh
Okawaru
Qazlal
Ru
Sif Muna
Trog
Uskayaw
Wu Jian
Yredelemnul

Shops:
D:6 :   D:7 =   D:8 [


Innate Abilities, Weirdness & Mutations

You are partially covered in large bone plates. (SH +4)
You may rarely emit foul miasma when damaged in melee.
You regenerate a little health from kills.
Your touch may inflict irresistible damage on your foes.
You have large cloven feet.
You expend magic power (3 MP) to strengthen your wands.


Message History

You slash the sleepcap!
The sleepcap is moderately damaged.
You block the sleepcap's attack.
You hit the sleepcap.
The sleepcap is heavily damaged.
The sleepcap releases spores at you but does no damage. x2
You slash the sleepcap!
The sleepcap is almost destroyed.
You block the sleepcap's attack.
You hit the sleepcap.
You destroy the sleepcap!
You hit the orc but do no damage. The orc closely misses you.
You slash the orc!
You kill the orc!
You see here a +0 dagger.
The slime creature quivers.
You slash the slime creature!
The slime creature is lightly wounded.
The slime creature hits you!
You barely miss the slime creature.
The slime creature is lightly wounded.
The slime creature barely misses you.
You hit the slime creature.
The slime creature is lightly wounded.
The slime creature hits you!
You hit the slime creature but do no damage.
The slime creature is lightly wounded.
The slime creature hits you!
* * * LOW HITPOINT WARNING * * *
You hit the slime creature.
The slime creature is moderately wounded.
The slime creature hits you but does no damage.
The slime creature hits you!
* * * LOW HITPOINT WARNING * * *
The slime creature attacks as you move away!
The slime creature hits you.
* * * LOW HITPOINT WARNING * * *
The slime creature attacks as you move away!
The slime creature hits you!
You die...

....)...#
...<....####>
.####........
.##########.#
.....#....#
####.#.88.#######
#.#.88.##....###
#.'....#.####).#
######'#.####@.#
#))#.##.J###
##..#.##..###
#.####†###..# #.#
#.###?.# #.#
#.#J?###
#.####.#($#
##....#####
######


You could see a slime creature.

Vanquished Creatures
  Psyche (D:8)
  A wraith (D:8)
  A wyvern (D:8)
  3 yaks (D:8)
  Edmund (D:6)
  2 water moccasins
  An ice beast (D:7)
  2 black bears (D:5)
  A phantom (D:7)
  2 kobold brigands (D:8)
  2 bullfrogs (D:7)
  3 wights (D:5)
  A hound (D:5)
  A centaur zombie (D:7)
  3 iron imps (D:6)
  2 orc priests
  A jelly (D:7)
  4 sleepcaps
  Natasha (thrice) (D:3)
  3 iguanas
  5 orc wizards
  A howler monkey zombie (D:7)
  10 adders
  15 gnolls
  An ufetubus (D:6)
  3 worms (D:2)
  A dart slug (D:4)
  19 orcs
  9 ball pythons
  9 bats
  12 endoplasms
  4 giant cockroaches
  4 hobgoblins
  4 jackals (D:2)
  2 quokkas
  4 frilled lizards
  10 goblins
  16 kobolds
  6 rats
173 creatures vanquished.

Vanquished Creatures (others)
  An orc wizard (D:6)
1 creature vanquished.

Grand Total: 174 creatures vanquished

Notes
Turn   | Place    | Note
-------+----------+-------------------------------------------
     0 | D:1      | gelatine the Demonspawn Fighter began the quest for the
                  | Orb.
     0 | D:1      | Reached XP level 1. HP: 18/18 MP: 1/1
    82 | D:1      | Gained mutation: You may rarely emit foul miasma when
                  | damaged in melee. [demonic ancestry]
    82 | D:1      | Reached XP level 2. HP: 24/24 MP: 2/2
   211 | D:1      | Found a faded altar of an unknown god.
   220 | D:1      | Reached skill level 2 in Axes
   471 | D:2      | Reached XP level 3. HP: 26/29 MP: 3/3
   478 | D:2      | Reached skill level 1 in Dodging
   587 | D:2      | Gained mutation: You regenerate a little health from kills.
                  | [demonic ancestry]
   587 | D:2      | Reached XP level 4. HP: 32/35 MP: 4/4
   723 | D:2      | Found a bloodstained altar of Trog.
   978 | D:2      | Reached skill level 3 in Axes
  1286 | D:3      | Reached XP level 5. HP: 42/42 MP: 5/5
  1486 | D:3      | Found a sacrificial altar of Ru.
  1664 | D:3      | Noticed Natasha
  1671 | D:3      | Killed Natasha
  1991 | D:3      | Noticed Natasha
  2001 | D:3      | Killed Natasha
  2135 | D:3      | Noticed Natasha
  2141 | D:3      | Killed Natasha
  2221 | D:4      | Reached skill level 4 in Axes
  2221 | D:4      | Gained mutation: You are partially covered in large bone
                  | plates. (SH +4) [demonic ancestry]
  2221 | D:4      | Reached XP level 6. HP: 33/48 MP: 6/6
  2539 | D:4      | Found a staircase to the Ecumenical Temple.
  2590 | Temple   | Entered the Ecumenical Temple
  2739 | D:4      | Found a stormy altar of Qazlal.
  2740 | D:4      | Found a shimmering blue altar of Sif Muna.
  3003 | D:5      | Entered Level 5 of the Dungeon
  3231 | D:5      | Gained mutation: You have a pair of small antennae on your
                  | head. [potion of mutation]
  3232 | D:5      | HP: 1/48 [gnoll/+0 spear (6)]
  3437 | D:5      | Gained mutation: Your touch may inflict minor irresistible
                  | damage on your foes. [demonic ancestry]
  3437 | D:5      | Reached XP level 7. HP: 33/54 MP: 7/7
  3443 | D:5      | Reached skill level 5 in Axes
  4059 | D:5      | Lost mutation: You have a pair of small antennae on your
                  | head. [potion of mutation]
  4059 | D:5      | Gained mutation: Your body sometimes deteriorates upon
                  | taking damage. [potion of mutation]
  4059 | D:5      | Gained mutation: Your flesh is heat resistant. (rF+)
                  | [potion of mutation]
  4059 | D:5      | Gained mutation: You are somewhat resistant to further
                  | mutation. [potion of mutation]
  4138 | D:6      | Found a broken altar of Ashenzari.
  4327 | D:6      | Found Korodaplidgh's Book Boutique.
  4349 | D:6      | Noticed Edmund
  4366 | D:6      | Killed Edmund
  4367 | D:6      | Gained mutation: Your touch may inflict irresistible damage
                  | on your foes. [demonic ancestry]
  4367 | D:6      | Reached XP level 8. HP: 57/61 MP: 8/8
  4567 | D:6      | Found a burning altar of Makhleb.
  4572 | D:6      | Lost mutation: Your flesh is heat resistant. (rF+) [potion
                  | of mutation]
  4572 | D:6      | Lost mutation: You are somewhat resistant to further
                  | mutation. [potion of mutation]
  4572 | D:6      | Lost mutation: Your body sometimes deteriorates upon taking
                  | damage. [potion of mutation]
  4572 | D:6      | Gained mutation: You have large cloven feet. [potion of
                  | mutation]
  4572 | D:6      | Gained mutation: You expend magic power (3 MP) to
                  | strengthen your wands. [potion of mutation]
  4584 | D:6      | Reached skill level 5 in Armour
  4910 | D:7      | Found Moihetiv's Jewellery Shop.
  4939 | D:7      | Found an ornate altar of the Wu Jian Council.
  4973 | D:7      | Reached skill level 5 in Fighting
  5035 | D:7      | Reached skill level 6 in Axes
  5375 | D:7      | Found a blossoming altar of Fedhas.
  5619 | D:7      | Found a basalt altar of Yredelemnul.
  5724 | D:8      | Noticed Psyche
  5725 | D:8      | Reached skill level 7 in Axes
  5736 | D:8      | Killed Psyche
  5737 | D:8      | Reached XP level 9. HP: 19/69 MP: 5/9
  6066 | D:8      | Found a hide-covered altar of Uskayaw.
  6103 | D:8      | Reached skill level 8 in Axes
  6109 | D:8      | Found Suodotoo's Antique Armour Shop.
  6122 | D:8      | Bought a smouldering ring mail for 324 gold pieces
  6122 | D:8      | Identified the +0 ring mail "Ycram" {rPois Int+3} (You
                  | bought it in a shop on level 8 of the Dungeon)
  6347 | D:8      | HP: 1/69 [slime creature (4)]
  6350 | D:8      | Mangled by a slime creature

Illustrated notes

Levels and vault maps discovered:
D:1:      lightli_arrival_isolated_outpost, layout_rooms,
          hellmonk_ecumenical_altar_leap_of_faith, minmay_door_square,
          nrook_mini_backslash, grunt_decor_mini_mirrors
D:2:      layout_rooms, basic_altar, minmay_tetromino_t4
D:3:      minmay_wonky_spiral, layout_loops_ring, marbit_many_paths,
          nicolae_ru_sacrificial_ziggurat, minmay_goblin_outpost, uniq_natasha
D:4:      layout_basic, gammafunk_temple_overflow_pools,
          minmay_temple_entry_offerings
D:5:      black_bear_nest_2, layout_basic
D:6:      lemuel_ice_spiral_2, layout_rooms, demons_altar,
          mainiacjoe_overflow_brackets, serial_shops,
          nicolae_shop_window_shopping, nrook_mini_vaults,
          dreamdust_princess_bridge, uniq_edmund
D:7:      layout_loops_ring, lemuel_zombie_altar_yredelemnul,
          kennysheep_little_box, lemuel_coloured_pillars_altar, serial_shops,
          kennysheep_mini_moat
D:8:      minmay_chambers_of_fours, layout_basic, lemuel_crystal_altar,
          nicolae_overflow_crystal_walls, serial_shops, shop, st_stairs_13,
          uniq_pikel, uniq_psyche
Temple:   nicolae_temple_little_seven

Skill      XL: |  1  2  3  4  5  6  7  8  9 |
---------------+----------------------------+-----
Armour         | 3 4 5 |  5.7
Axes           | 2 3 4 5 7 8 |  8.1
Dodging        | 1 2 3 |  3.8
Shields        | 3 4 |  4.9
Fighting       | 4 5 6 |  6.3
Throwing       | |  0.2
Stealth        | |  0.7
Unarmed Combat | |  0.4
Evocations     | |  0.2

Action                     |  1- 3 |  4- 6 |  7- 9 || total
---------------------------+-------+-------+-------++-------
  Melee: War axe           |    96 |   219 |   296 ||   611
         Unarmed           |       |       |    13 ||    13
  Throw: Javelin           |       |       |     5 ||     5
         Dart              |       |       |     4 ||     4
  Evoke: Wand              |       |       |     1 ||     1
    Use: Potion            |       |     6 |     5 ||    11
         Scroll            |       |       |     2 ||     2
   Stab: Invisible         |       |       |     1 ||     1
 Armour: Scale mail        |    73 |    81 |   136 ||   290
         Skin              |       |       |     9 ||     9
         Ring mail         |       |       |     5 ||     5
  Dodge: Dodged            |    77 |   122 |   148 ||   347
  Block: Buckler           |    24 |    68 |   139 ||   231
